 Dungeon Crawl Stone Soup version 0.30.0-15-g856e2d3f33 (webtiles) character file.

Game seed: 3990746073364520179

2 CaptainMV the Changer (level 1, 0/16 HPs)
             Began as a Demonspawn Wanderer on May 19, 2023.
             Frozen to death by an endoplasm (3 damage)
             ... on level 1 of the Dungeon.
             The game lasted 00:01:37 (39 turns).

CaptainMV the Changer (Demonspawn Wanderer)           Turns: 39, Time: 00:01:38

Health: 0/16       AC:  8    Str: 11    XL:     1   Next: 25%
Magic:  2/2        EV: 10    Int: 17    God:
Gold:   0          SH:  0    Dex:  9    Spells: 2/2 levels left

rFire   . . .        a - +0 club
rCold   . . .        (no shield)
rNeg    . . .        e - +3 ring mail
rPois   .            (no helmet)
rElec   .            (no cloak)
rCorr   .            (no gloves)
SInv    .            (no boots)
Will    .....        (no amulet) Stlth
                     (no ring)
HPRegen 0.22/turn    (no ring)
MPRegen 0.08/turn

%: no passive effects
@: no status effects
A: no striking features
a: no special abilities


You were on level 1 of the Dungeon.
You visited 1 branch of the dungeon, and saw 1 of its levels.

Inventory:

Hand Weapons
 a - a +0 club (weapon)
Armour
 e - a +3 ring mail (worn)
Scrolls
 d - a scroll of teleportation
Potions
 b - a potion of mutation


   Skills:
 + Level 2.0 Fighting
 + Level 1.1 Armour
 + Level 1.0 Dodging
 + Level 1.0 Spellcasting
 + Level 2.0 Summonings
 + Level 2.7 Transmutations


You had 2 spell levels left.
You didn't know any spells.
Your spell library contained the following spells:

 Spells                   Type           Power      Damage    Failure   Level
 Beastly Appendage        Tmut           20%        N/A       17%         1
 Summon Small Mammal      Summ           28%        N/A       22%         1
 Passwall                 Tmut/Erth      4%         N/A       41%         2
 Call Canine Familiar     Summ           7%         N/A       54%         3
 Petrify                  Tmut/Erth      5%         N/A       96%         4


Dungeon Overview and Level Annotations

Branches:
Dungeon (1/15)

Altars:


Message History

The endoplasm freezes you.
You are frozen.
The kobold hits you with a +0 dagger.
The giant cockroach bites you but does no damage.
The endoplasm completely misses you. The kobold hits you but does no damage.
You barely miss the giant cockroach.
The giant cockroach is severely wounded.
The giant cockroach bites you but does no damage.
The endoplasm freezes you.
You are frozen.
The kobold hits you but does no damage. The giant cockroach bites you.
You hit the giant cockroach.
You kill the giant cockroach!
The endoplasm hits you but does no damage.
The kobold closely misses you. The kobold attacks as you move away!
The kobold closely misses you. The endoplasm attacks as you move away!
The endoplasm hits you but does no damage.
There is an open door here.
You hit the kobold but do no damage. The endoplasm hits you.
* * * LOW HITPOINT WARNING * * *
The kobold misses you.
The endoplasm jiggles.
The endoplasm hits you but does no damage.
The kobold hits you with a +0 dagger.
* * * LOW HITPOINT WARNING * * *
You closely miss the kobold. The kobold closely misses you.
You closely miss the kobold. The kobold hits you but does no damage.
You barely miss the kobold. The kobold closely misses you.
The kobold barely misses you.
You hit the kobold but do no damage. The kobold barely misses you.
You hit the kobold.
You kill the kobold!
You hit the endoplasm.
The endoplasm is severely wounded.
The endoplasm hits you but does no damage.
You barely miss the endoplasm.
The endoplasm is severely wounded.
The endoplasm freezes you.
You are frozen.
You die...

..........
......... .........
.........
........###########
........#.........#
#.....#..[###...#
#.....J@..#รท#.<.#
#.....#...###...#
#######.........#
###########


You could see an endoplasm.

Vanquished Creatures
  A giant cockroach (D:1)
  A kobold (D:1)
2 creatures vanquished.

Notes
Turn   | Place    | Note
-------+----------+-------------------------------------------
     0 | D:1      | CaptainMV the Demonspawn Wanderer began the quest for the
                  | Orb.
     0 | D:1      | CaptainMV set off with the following items: a +0 club, a
                  | potion of mutation, a +0 robe, a scroll of teleportation;
                  | and the following spells available to memorise: Beastly
                  | Appendage, Summon Small Mammal, Passwall, Call Canine
                  | Familiar, Petrify.
     0 | D:1      | Reached XP level 1. HP: 16/16 MP: 2/2
    39 | D:1      | Frozen to death by an endoplasm

Illustrated notes

Levels and vault maps discovered:
D:1:      nicolae_arrival_memento_mori, layout_rooms,
          shapermc_ecumenical_altar_mp_ritualfount

Action                     || total
---------------------------++-------
  Melee: Club              ||    14
 Armour: Ring mail         ||    10
  Dodge: Dodged            ||    13
